 Dungeon Crawl Stone Soup version 0.30-a0-4-ga7cffc901d (webtiles) character file.

Game seed: 11846418757530199957

16 Setbun the Sneak (level 2, -2/17 HPs)
             Began as a Kobold Brigand on Aug 21, 2022.
             Slain by a gnoll
             ... wielding a +0 spear
              (9 damage)
             ... on level 1 of the Dungeon.
             The game lasted 00:00:21 (412 turns).

Setbun the Sneak (Kobold Brigand)                    Turns: 412, Time: 00:00:22

Health: -2/17      AC:  3    Str:  8    XL:     2   Next: 70%
Magic:  2/2        EV: 14    Int: 12    God:
Gold:   29         SH:  0    Dex: 16    Spells: 1/1 levels left

rFire   . . .      SeeInvis .    a - +2 dagger
rCold   . . .      Faith    .    (no shield)
rNeg    . . .      Spirit   .    b - +0 robe
rPois   .          Reflect  .    (no helmet)
rElec   .          Harm     .    c - +0 cloak
rCorr   .          Rampage  .    (no gloves)
Will    .....                    (no boots)
Stlth   ++++......               (no amulet)
HPRegen 0.05/turn                (no ring)
MPRegen 0.08/turn                (no ring)

@: no status effects
A: small, no large weapons, nightstalker 3
a: no special abilities


You were on level 1 of the Dungeon.
You visited 1 branch of the dungeon, and saw 1 of its levels.

You collected 29 gold pieces.

Inventory:

Hand Weapons
 a - a +2 dagger (weapon)
 g - a +2 antimagic short sword
Missiles
 d - 9 poisoned darts (quivered)
 e - 3 curare-tipped darts
Armour
 b - a +0 robe (worn)
 c - a +0 cloak (worn)
Scrolls
 f - 4 scrolls of identify {unknown}
 h - a scroll of vulnerability {unknown}
 i - a scroll of blinking {unknown}


   Skills:
 - Level 2.1 Fighting
 * Level 4.1 Short Blades
 - Level 2.1 Throwing
 - Level 1.2 Dodging
 - Level 5.3 Stealth


You had one spell level left.
You didn't know any spells.
Your spell library contained the following spells:

 Spells                   Type           Power      Damage    Failure   Level
 Confusing Touch          Hex            0%         N/A       69%         3
 Animate Dead             Necr           0%         N/A       97%         4
 Yara's Violent Unravell  Hex/Tmut       0%         3d3       100%        5
 Enfeeble                 Hex            0%         N/A       100%        7
 Haunt                    Necr/Summ      0%         N/A       100%        7
 Infestation              Necr           0%         N/A       100%        8


Dungeon Overview and Level Annotations

Branches:
Dungeon (1/15)

Altars:


Innate Abilities, Weirdness & Mutations

You are small and have problems with some larger weapons.
You are completely attuned to the shadows.


Message History

You impale the dart slug!!
You kill the dart slug!
The gnoll shouts!
A ball python comes into view.
Your Short Blades skill increases to level 4!
You barely miss the rat. The gnoll barely misses you. The rat misses you.
You closely miss the rat. The gnoll barely misses you.
The rat closely misses you.
You hit the rat.
You kill the rat!
You hit the ball python.
The ball python is moderately wounded.
The gnoll completely misses you. The ball python misses you.
The ball python closely misses you.
You hit the ball python.
You kill the ball python!
The gnoll hits you from afar with a +0 spear.
The gnoll closely misses you.
Things that are here:
a ball python corpse; a dart slug corpse You closely miss the gnoll.
The gnoll closely misses you.
You completely miss the gnoll. The gnoll barely misses you.
You barely miss the gnoll. You hit the gnoll.
The gnoll is lightly wounded.
The gnoll hits you with a +0 spear.
A gnoll is nearby!
A gnoll is nearby!
You are too injured to fight recklessly!
You hit the gnoll.
The gnoll is moderately wounded.
The gnoll misses you.
You hit the gnoll.
The gnoll is heavily wounded.
The gnoll closely misses you.
You hit the gnoll but do no damage.
The gnoll is heavily wounded.
The gnoll hits you with a +0 spear!
Ouch! That really hurt!
You die...

..........
...........
........$...
...........(.
............>
.....$.......
........?....
#.........##
......##@#
.....##$g...
..?. .!?##.
.##.# .. ..


You could see a gnoll.

Vanquished Creatures
  A dart slug (D:1)
  A bat (D:1)
  2 goblins (D:1)
  A hobgoblin (D:1)
  2 kobolds (D:1)
  A quokka (D:1)
  2 ball pythons (D:1)
  A frilled lizard (D:1)
  2 rats (D:1)
13 creatures vanquished.

Notes
Turn   | Place    | Note
-------+----------+-------------------------------------------
     0 | D:1      | Setbun the Kobold Brigand began the quest for the Orb.
     0 | D:1      | Reached XP level 1. HP: 12/12 MP: 1/1
   101 | D:1      | Reached XP level 2. HP: 15/17 MP: 2/2
   412 | D:1      | Slain by a gnoll

Illustrated notes

Levels and vault maps discovered:
D:1:      lightli_arrival_boilingwater, layout_basic, minmay_tetromino_o4

Skill      XL: |  1  2 |
---------------+-------+-----
Short Blades   | 3 4 |  4.1
Fighting       | |  2.1
Throwing       | |  2.1
Dodging        | |  1.2
Stealth        | |  5.3

Action                   || total
-------------------------++-------
Melee: Dagger            ||    25
 Stab: Sleeping          ||     9
Armor: Robe              ||     1
Dodge: Dodged            ||    13

Table legend: (Time is in decaauts)
 A = Elapsed time spent in this place.
 B = Non-inter-level travel time spent in this place.
 C = Inter-level travel time spent in this place.
 D = Time resting spent in this place.
 E = Time spent auto-exploring this place.
 F = Levels seen in this place.
 G = Mean time per level.
                   A        B        C        D        E       F      G
               +--------+--------+--------+--------+--------+-----+--------+
         Total |    420 |    420 |      0 |      0 |    349 |   1 |  420.0 |
       Dungeon |    420 |    420 |      0 |      0 |    349 |   1 |  420.0 |
               +--------+--------+--------+--------+--------+-----+--------+

Top non-repeatable levels by time:
     D:1: 420 daAuts
